 Dungeon Crawl Stone Soup version 0.32-a0-768-g0f6f1dd4b9 (webtiles) character file.

Game seed: 18343546445055477416

81 ezpacito the Trooper (level 4, 0/35 HPs)
             Began as a Coglin Chaos Knight on Mar 18, 2024.
             Was a Plaything of Xom.
             Incinerated by a bombardier beetle (6 damage)
             ... with a burning spray
             ... on level 3 of the Dungeon.
             The game lasted 00:01:15 (1220 turns).

ezpacito the Trooper (Coglin Chaos Knight)          Turns: 1220, Time: 00:01:15

Health: 0/35       AC:  5    Str: 14    XL:     4   Next: 40%
Magic:  4/4        EV: 11    Int: 11    God:    Xom [.....*]
Gold:   181        SH:  0    Dex: 14    Spells: 3/3 levels left

rFire   . . .        a - +0 hand axe (chaos) {Bonhwa}
rCold   . . .        d - +0 dagger {Prasit}
rNeg    . . .        b - +2 leather armour
rPois   .            (no helmet)
rElec   .            (no cloak)
rCorr   .            (no gloves)
SInv    .            (no boots)
Will    .....        (amulet unavailable)
Stlth   +            (ring unavailable)
HPRegen 0.25/turn    (ring unavailable)
MPRegen 0.09/turn    (no gizmo)

%: no passive effects
@: brilliant, on fire, glowing, revved
A: off-hand wielding, slow wielding, warmup strikes, no jewellery
a: Invent Gizmo, Renounce Religion


You were on level 3 of the Dungeon.
You worshipped Xom.
You were Xom's teddy bear.
You visited 1 branch of the dungeon, and saw 3 of its levels.

You collected 181 gold pieces.

Inventory:

Hand Weapons
 a - a +0 hand axe of chaos (weapon) {Bonhwa}
 d - a +0 dagger (offhand) {Prasit}
Missiles
 l - 4 javelins (quivered)
Armour
 b - a +2 leather armour (worn)
Scrolls
 c - a scroll of butterflies
 h - 2 scrolls of identify {unknown}
 i - a scroll of poison {unknown}
 j - a scroll of enchant armour {unknown}
 k - a scroll of blinking {unknown}
Potions
 f - a potion of brilliance {unknown}
 g - a potion of enlightenment {unknown}


   Skills:
 * Level 3.4 Fighting
 * Level 3.3(3.4) Axes
 + Level 0.6(2.0) Polearms
 * Level 2.3 Armour
 * Level 1.9 Dodging
 + Level 0.9 Stealth
 + Level 0.3 Spellcasting


You had 3 spell levels left.
You didn't know any spells.
Your spell library contained the following spells:

 Spells                   Type           Power      Damage    Failure   Level
 Vhi's Electric Charge    Tloc/Air       0%         N/A       99%         4
 Arcjolt                  Conj/Air       0%         1d10      100%        5
 Summon Forest            Summ/Tloc      0%         N/A       100%        5
 Summon Mana Viper        Hex/Summ       0%         N/A       100%        5
 Plasma Beam              Fire/Air       0%         2x1d10    100%        6
 Summon Cactus Giant      Summ           0%         N/A       100%        6


Dungeon Overview and Level Annotations

Branches:
Dungeon (3/15)

Altars:
Okawaru


Innate Abilities, Weirdness & Mutations

You can wield a second weapon in your off-hand.
It takes a long time for you to wield or remove held weapons.
Your first few attacks do less damage.
You cannot equip rings or amulets.


Message History

You shake off some of the fire as you move.
The liquid fire burns you!
You take 5 damage, and have 11/35 hp.
It was a potion of curing.
You feel better.
Xom thinks this is hilarious!
q - a potion of curing The liquid fire burns you!
You feel better. The liquid fire burns you!
You regained 7 hp, and now have 19/35 hp.
You hit the bombardier beetle with your +0 dagger.
The bombardier beetle is severely wounded.
You hit the bombardier beetle but do no damage.
The liquid fire burns you! The bombardier beetle bites you.
You take 6 damage, and have 13/35 hp.
You shake off some of the fire as you move.
The liquid fire burns you!
* * * LOW HITPOINT WARNING * * *
The bombardier beetle bites you.
* * * LOW HITPOINT WARNING * * *
You take 7 damage, and have 6/35 hp.
You shake off the liquid fire.
The bombardier beetle bites you.
* * * LOW HITPOINT WARNING * * *
You hit the bombardier beetle but do no damage.
The bombardier beetle is poisoned.
The bombardier beetle is severely wounded.
You hit the bombardier beetle with your +0 dagger.
The bombardier beetle sprays incendiary fluid at you.
The burning spray hits you.
You are covered in liquid fire!
You closely miss the bombardier beetle with your +0 dagger.
The bombardier beetle is almost dead.
You hit the bombardier beetle with your +0 hand axe of chaos.
You burn the bombardier beetle.
You kill the bombardier beetle!
The liquid fire burns you!
You die...
Xom yawns loudly!

## # #.......#.#. ..
#.##.##......# ##.
#.......###### ..
####.#### # #. #)))# #
.#####.#### #...# #
..........# #...#
##........#####...#####
.....###.@#...........#
.#.. #†...........>..
#. ###..............#
#............#...#####
#$...#####...#...# ..
...# ###.....# ## .#
#####.[._. ##...# ####


There were no monsters in sight!

Vanquished Creatures
  A bombardier beetle (D:3)
  2 adders
  3 dart slugs
  5 orcs (D:3)
  3 endoplasms
  5 goblins
  4 hobgoblins
  6 jackals (D:1)
  6 kobolds
  3 quokkas
  4 ball pythons
  A bat (D:1)
  5 frilled lizards
  4 rats
52 creatures vanquished.

Notes
Turn   | Place    | Note
-------+----------+-------------------------------------------
     0 | D:1      | ezpacito the Coglin Chaos Knight began the quest for the
                  | Orb.
     0 | D:1      | Reached XP level 1. HP: 18/18 MP: 1/1
    75 | D:1      | Reached skill level 1 in Dodging
   109 | D:1      | Reached XP level 2. HP: 23/24 MP: 2/2
   150 | D:1      | XOM: silly message
   175 | D:1      | Found a faded altar of an unknown god.
   188 | D:1      | Reached XP level 3. HP: 29/29 MP: 3/3
  1122 | D:3      | Reached XP level 4. HP: 34/35 MP: 4/4
  1144 | D:3      | XOM: silly message
  1175 | D:3      | Found an iron altar of Okawaru.
  1187 | D:3      | XOM: potion effect (brilliance)
  1220 | D:3      | Incinerated by a bombardier beetle

Illustrated notes

Levels and vault maps discovered:
D:1:      roderic_chinese_lattice_arrival, layout_basic,
          hellmonk_ecumenical_altar_crossroads
D:2:      layout_rooms
D:3:      layout_loops_cross, mainiacjoe_overflow_catch_the_wave

Skill      XL: |  1 |
---------------+----+-----
Dodging        | 1 |  1.9
Armour         | 2 |  2.3
Fighting       | |  3.4
Axes           | |  3.3
Polearms       | |  0.6
Stealth        | |  0.9
Spellcasting   | |  0.3

Action                     |  1- 3 |  4- 6 || total
---------------------------+-------+-------++-------
  Melee: Hand axe          |    89 |    18 ||   107
         Dagger            |    85 |    20 ||   105
    Use: Potion            |       |     2 ||     2
   Stab: Petrifying        |       |     1 ||     1
 Armour: Leather armour    |    43 |    13 ||    56
  Dodge: Dodged            |    50 |    11 ||    61

Table legend: (Time is in decaauts)
 A = Elapsed time spent in this place.
 B = Non-inter-level travel time spent in this place.
 C = Inter-level travel time spent in this place.
 D = Time resting spent in this place.
 E = Time spent auto-exploring this place.
 F = Levels seen in this place.
 G = Mean time per level.
                   A        B        C        D        E       F      G
               +--------+--------+--------+--------+--------+-----+--------+
         Total |   1228 |   1186 |     42 |      7 |    911 |   3 |  409.3 |
       Dungeon |   1228 |   1186 |     42 |      7 |    911 |   3 |  409.3 |
               +--------+--------+--------+--------+--------+-----+--------+

Top non-repeatable levels by time:
     D:1: 515 daAuts
     D:2: 513 daAuts
     D:3: 198 daAuts
